| TOP OF THE 1ST |
|
Kannapolis Intimidators batting - Pitching for Lansing Lugnuts : RHP Ben Knapp
|
|
Pitching: RHP Ben Knapp
|
|
|
Batting: RHB Sean Peake
|
0-0: Ground out 3-1 (Groundball, 34, EV 85.6 MPH)
|
|
Batting: RHB Mike Warzecha
|
0-0: Foul Ball, location: 2F 0-1: Ball 1-1: Ball 2-1: Ball 3-1: SINGLE (Groundball, 56D, EV 100.6 MPH)
|
|
Batting: RHB Mark Jones
|
0-0: Ball Pickoff Throw to First - Out! 1-3 CS 1-0: Ball 2-0: Ball 3-0: Base on Balls
|
|
Batting: LHB Herkko Haavikko
|
0-0: Ball 1-0: Called Strike 1-1: Called Strike 1-2: Foul Ball, location: 2F 1-2: Fly out, F8 (Line Drive, 8RS, EV 88.8 MPH)
|
| Top of the 1st over - 0 runs, 1 hit, 0 errors, 1 left on base; Kannapolis 0 - Lansing 0 |
| BOTTOM OF THE 1ST |
|
Lansing Lugnuts batting - Pitching for Kannapolis Intimidators : RHP Tony Holley
|
|
Pitching: RHP Tony Holley
|
|
|
Batting: RHB Luis Gomez
|
0-0: Called Strike 0-1: Ground out 6-3 (Groundball, 56, EV 89.4 MPH)
|
|
Batting: LHB Timo Gomez
|
0-0: Ball 1-0: Called Strike 1-1: SINGLE (Line Drive, 8LS, EV 110.0 MPH)
|
|
Batting: RHB Raul de la Cruz
|
0-0: Ball 1-0: Foul Ball, location: 2F 1-1: Foul Ball, location: 2F 1-2: Foul Ball, location: 2F 1-2: Foul Ball, location: 2F 1-2: Fly out, F8 (Flyball, 89D, EV 101.9 MPH)
|
|
Batting: RHB John Michener
|
0-0: Called Strike 0-1: Foul Ball, location: 2F 0-2: SINGLE (Groundball, P, EV 93.8 MPH) (infield hit) Timo Gomez to second
|
|
Batting: RHB John Hering
|
0-0: Swinging Strike 0-1: Foul Ball, location: 2F 0-2: Ball 1-2: Ground out 4-3 (Groundball, 4, EV 87.5 MPH)
|
| Bottom of the 1st over - 0 runs, 2 hits, 0 errors, 2 left on base; Kannapolis 0 - Lansing 0 |
| TOP OF THE 2ND |
|
Kannapolis Intimidators batting - Pitching for Lansing Lugnuts : RHP Ben Knapp
|
|
Batting: RHB Luwen Storm
|
0-0: Ball 1-0: Ball 2-0: Called Strike 2-1: Foul Ball, location: 2F 2-2: Foul Ball, location: 2F 2-2: Ground out 4-3 (Groundball, 4, EV 84.4 MPH)
|
|
Batting: SHB Jose Castillo
|
0-0: Swinging Strike 0-1: Ball 1-1: Foul Ball, location: 2F 1-2: Strikes out swinging
|
|
Batting: RHB Jose Marquez
|
0-0: Called Strike 0-1: Ball 1-1: Foul Ball, location: 2F 1-2: Ball 2-2: Ball 3-2: Foul Ball, location: 2F 3-2: Foul Ball, location: 2F 3-2: Ground out 5-3 (Groundball, 5S, EV 78.1 MPH)
|
| Top of the 2nd over - 0 runs, 0 hits, 0 errors, 0 left on base; Kannapolis 0 - Lansing 0 |
| BOTTOM OF THE 2ND |
|
Lansing Lugnuts batting - Pitching for Kannapolis Intimidators : RHP Tony Holley
|
|
Batting: RHB Jamie Ogilvie
|
0-0: Ball 1-0: Swinging Strike 1-1: Fly out, F7 (Flyball, 7, EV 90.6 MPH)
|
|
Batting: LHB Roger Escareno
|
0-0: Ground out 4-3 (Groundball, 4, EV 81.9 MPH)
|
|
Batting: RHB Jose Ontiveros
|
0-0: Called Strike 0-1: Foul Ball, location: 2F 0-2: Ball 1-2: Strikes out swinging
|
| Bottom of the 2nd over - 0 runs, 0 hits, 0 errors, 0 left on base; Kannapolis 0 - Lansing 0 |
| TOP OF THE 3RD |
|
Kannapolis Intimidators batting - Pitching for Lansing Lugnuts : RHP Ben Knapp
|
|
Batting: RHB Santos Guadalupe
|
0-0: Ball 1-0: Ball 2-0: Called Strike 2-1: Foul Ball, location: 2F 2-2: Strikes out looking
|
|
Batting: RHB Dunlang Clark
|
0-0: Ground out 4-3 (Groundball, 4, EV 82.5 MPH)
|
|
Batting: RHB Sean Peake
|
0-0: Ground out 5-3 (Groundball, 5L, EV 90.0 MPH)
|
| Top of the 3rd over - 0 runs, 0 hits, 0 errors, 0 left on base; Kannapolis 0 - Lansing 0 |
| BOTTOM OF THE 3RD |
|
Lansing Lugnuts batting - Pitching for Kannapolis Intimidators : RHP Tony Holley
|
|
Batting: RHB Shunsuke Shiba Inu
|
0-0: Ball 1-0: Swinging Strike 1-1: Ball 2-1: Swinging Strike 2-2: Strikes out swinging
|
|
Batting: RHB Luis Gomez
|
0-0: Ball 1-0: Swinging Strike 1-1: Called Strike 1-2: Strikes out swinging
|
|
Batting: LHB Timo Gomez
|
0-0: Called Strike 0-1: Ball 1-1: Ball 2-1: Foul Ball, location: 2F 2-2: Ball 3-2: Foul Ball, location: 2F 3-2: Foul Ball, location: 2F 3-2: SINGLE (Groundball, 4M, EV 105.6 MPH) (infield hit)
|
|
Batting: RHB Raul de la Cruz
|
0-0: SINGLE (Groundball, 6D, EV 107.5 MPH) Timo Gomez to second Runner from 2nd tries for 3rd, SAFE, throw by LF made to third Raul de la Cruz to second
|
|
Batting: RHB John Michener
|
0-0: SINGLE (Groundball, 4M, EV 98.1 MPH) (infield hit) Timo Gomez scores Raul de la Cruz to third
|
|
Batting: RHB John Hering
|
0-0: Ball 1-0: Ball 2-0: Foul Ball, location: 2F 2-1: Foul Ball, location: 2F 2-2: Ball 3-2: Foul Ball, location: 2F 3-2: TRIPLE (Flyball, 89XD, EV 95.0 MPH) Raul de la Cruz scores John Michener scores
|
|
Batting: RHB Jamie Ogilvie
|
0-0: Ball 1-0: Called Strike 1-1: Ground out 6-3 (Groundball, 6, EV 84.4 MPH)
|
| Bottom of the 3rd over - 3 runs, 4 hits, 0 errors, 1 left on base; Kannapolis 0 - Lansing 3 |
| TOP OF THE 4TH |
|
Kannapolis Intimidators batting - Pitching for Lansing Lugnuts : RHP Ben Knapp
|
|
Batting: RHB Mike Warzecha
|
0-0: Called Strike 0-1: Called Strike 0-2: Foul Ball, location: 2F 0-2: Fly out, F8 (Flyball, 8LXD, EV 92.5 MPH)
|
|
Batting: RHB Mark Jones
|
0-0: Ground out 5-3 (Groundball, 56S, EV 80.0 MPH)
|
|
Batting: LHB Herkko Haavikko
|
0-0: Called Strike 0-1: Swinging Strike 0-2: Strikes out looking
|
| Top of the 4th over - 0 runs, 0 hits, 0 errors, 0 left on base; Kannapolis 0 - Lansing 3 |
| BOTTOM OF THE 4TH |
|
Lansing Lugnuts batting - Pitching for Kannapolis Intimidators : RHP Tony Holley
|
|
Batting: LHB Roger Escareno
|
0-0: Ball 1-0: Called Strike 1-1: Fly out, F2 (Popup, 23F, EV 83.1 MPH)
|
|
Batting: RHB Jose Ontiveros
|
0-0: Ball 1-0: Foul Ball, location: 2F 1-1: Swinging Strike 1-2: Strikes out swinging
|
|
Batting: RHB Shunsuke Shiba Inu
|
0-0: Ball 1-0: Ground out 6-3 (Groundball, 6S, EV 71.9 MPH)
|
| Bottom of the 4th over - 0 runs, 0 hits, 0 errors, 0 left on base; Kannapolis 0 - Lansing 3 |
| TOP OF THE 5TH |
|
Kannapolis Intimidators batting - Pitching for Lansing Lugnuts : RHP Ben Knapp
|
|
Batting: RHB Luwen Storm
|
0-0: Swinging Strike 0-1: Ball 1-1: Ball 2-1: Ball 3-1: Foul Ball, location: 2F 3-2: Foul Ball, location: 2F 3-2: Strikes out swinging
|
|
Batting: SHB Jose Castillo
|
0-0: Called Strike 0-1: Called Strike 0-2: Strikes out swinging
|
|
Batting: RHB Jose Marquez
|
0-0: Called Strike 0-1: Ball 1-1: Called Strike 1-2: Ball 2-2: Fly out, F8 (Flyball, 78D, EV 96.2 MPH)
|
| Top of the 5th over - 0 runs, 0 hits, 0 errors, 0 left on base; Kannapolis 0 - Lansing 3 |
| BOTTOM OF THE 5TH |
|
Lansing Lugnuts batting - Pitching for Kannapolis Intimidators : RHP Tony Holley
|
|
Batting: RHB Luis Gomez
|
0-0: Ball 1-0: Fly out, F7 (Line Drive, 78M, EV 91.9 MPH)
|
|
Batting: LHB Timo Gomez
|
0-0: Foul Ball, location: 2F 0-1: Ground out U3 (Groundball, 3, EV 91.2 MPH)
|
|
Batting: RHB Raul de la Cruz
|
0-0: Called Strike 0-1: Ball 1-1: Ball 2-1: Foul Ball, location: 2F 2-2: Ball 3-2: Base on Balls
|
|
Batting: RHB John Michener
|
0-0: Ball Raul de la Cruz is caught stealing 2nd base 2-4
|
| Bottom of the 5th over - 0 runs, 0 hits, 0 errors, 0 left on base; Kannapolis 0 - Lansing 3 |
| TOP OF THE 6TH |
|
Kannapolis Intimidators batting - Pitching for Lansing Lugnuts : RHP Ben Knapp
|
|
Batting: RHB Santos Guadalupe
|
0-0: Ball 1-0: Ground out U3 (Groundball, 34, EV 82.5 MPH)
|
|
Batting: RHB Dunlang Clark
|
0-0: Called Strike 0-1: Ball 1-1: Swinging Strike 1-2: Foul Ball, location: 2F 1-2: Strikes out swinging
|
|
Batting: RHB Sean Peake
|
0-0: SINGLE (Groundball, 6MD, EV 100.6 MPH)
|
|
Batting: RHB Mike Warzecha
|
0-0: Called Strike Sean Peake is caught stealing 2nd base 2-4
|
| Top of the 6th over - 0 runs, 1 hit, 0 errors, 0 left on base; Kannapolis 0 - Lansing 3 |
| BOTTOM OF THE 6TH |
|
Lansing Lugnuts batting - Pitching for Kannapolis Intimidators : RHP Tony Holley
|
|
Batting: RHB John Michener
|
0-0: Swinging Strike 0-1: Called Strike 0-2: Strikes out swinging
|
|
Batting: RHB John Hering
|
0-0: Ball 1-0: Called Strike 1-1: Foul Ball, location: 2F 1-2: Foul Ball, location: 2F 1-2: Ball 2-2: Ground out 4-3 (Groundball, 34D, EV 103.1 MPH)
|
|
Batting: RHB Jamie Ogilvie
|
0-0: Ball 1-0: Ball 2-0: Ball 3-0: Base on Balls
|
|
Pitching: LHP Travis Sergo
|
|
|
Batting: LHB Roger Escareno
|
0-0: Ground out 4-3 (Groundball, 13, EV 79.4 MPH)
|
| Bottom of the 6th over - 0 runs, 0 hits, 0 errors, 1 left on base; Kannapolis 0 - Lansing 3 |
| TOP OF THE 7TH |
|
Kannapolis Intimidators batting - Pitching for Lansing Lugnuts : RHP Ben Knapp
|
|
Now in LF: Timo Gomez
|
|
|
Now in RF: Julio Canseco
|
|
|
Batting: RHB Mike Warzecha
|
0-0: Ball 1-0: Ground out 6-3 (Groundball, 56, EV 106.2 MPH)
|
|
Batting: RHB Mark Jones
|
0-0: Ball 1-0: Ground out 5-3 (Groundball, 56, EV 82.5 MPH)
|
|
Batting: LHB Herkko Haavikko
|
0-0: Called Strike 0-1: SINGLE (Flyball, 6MD, EV 94.4 MPH)
|
|
Batting: RHB Luwen Storm
|
0-0: Foul Ball, location: 2F 0-1: Ball 1-1: Foul Ball, location: 2F 1-2: Strikes out looking
|
| Top of the 7th over - 0 runs, 1 hit, 0 errors, 1 left on base; Kannapolis 0 - Lansing 3 |
| BOTTOM OF THE 7TH |
|
Lansing Lugnuts batting - Pitching for Kannapolis Intimidators : LHP Travis Sergo
|
|
Batting: RHB Jose Ontiveros
|
0-0: Ground out 5-3 (Groundball, 56S, EV 81.9 MPH)
|
|
Batting: RHB Shunsuke Shiba Inu
|
0-0: Fly out, F8 (Flyball, 8RXD, EV 92.5 MPH)
|
|
Batting: LHB Julio Canseco
|
0-0: Called Strike 0-1: Foul Ball, location: 2F 0-2: Ball 1-2: Ball 2-2: Foul Ball, location: 2F 2-2: Ball 3-2: Strikes out swinging
|
| Bottom of the 7th over - 0 runs, 0 hits, 0 errors, 0 left on base; Kannapolis 0 - Lansing 3 |
| TOP OF THE 8TH |
|
Kannapolis Intimidators batting - Pitching for Lansing Lugnuts : RHP Ben Knapp
|
|
Now at 2B: Dylan Phillips
|
|
|
Batting: SHB Jose Castillo
|
0-0: Called Strike 0-1: Ball 1-1: Foul Ball, location: 2F 1-2: Ball 2-2: Strikes out swinging
|
|
Batting: RHB Jose Marquez
|
0-0: Ball 1-0: Foul Ball, location: 2F 1-1: Fly out, F7 (Line Drive, 7S, EV 92.5 MPH)
|
|
Batting: RHB Santos Guadalupe
|
0-0: Swinging Strike 0-1: Foul Ball, location: 2F 0-2: Ball 1-2: Ball 2-2: Foul Ball, location: 2F 2-2: Ball 3-2: Strikes out swinging
|
| Top of the 8th over - 0 runs, 0 hits, 0 errors, 0 left on base; Kannapolis 0 - Lansing 3 |
| BOTTOM OF THE 8TH |
|
Lansing Lugnuts batting - Pitching for Kannapolis Intimidators : LHP Travis Sergo
|
|
Batting: LHB Timo Gomez
|
0-0: Swinging Strike 0-1: Called Strike 0-2: Strikes out swinging
|
|
Batting: RHB Raul de la Cruz
|
0-0: Called Strike 0-1: Foul Ball, location: 2F 0-2: Strikes out swinging
|
|
Batting: RHB John Michener
|
0-0: Ball 1-0: DOUBLE (Groundball, 5L, EV 108.8 MPH)
|
|
Batting: RHB John Hering
|
0-0: Ball 1-0: Foul Ball, location: 2F 1-1: Called Strike 1-2: Ball 2-2: Foul Ball, location: 2F 2-2: Fly out, F9 (Flyball, 9D, EV 86.9 MPH)
|
| Bottom of the 8th over - 0 runs, 1 hit, 0 errors, 1 left on base; Kannapolis 0 - Lansing 3 |
| TOP OF THE 9TH |
|
Kannapolis Intimidators batting - Pitching for Lansing Lugnuts : RHP Ben Knapp
|
|
Pitching: LHP Nick Burnstein
|
|
|
Batting: RHB Dunlang Clark
|
0-0: Called Strike 0-1: SINGLE (Line Drive, 9S, EV 106.9 MPH)
|
|
Batting: RHB Sean Peake
|
0-0: Called Strike 0-1: Ball 1-1: Foul Ball, location: 2F 1-2: Foul Ball, location: 2F 1-2: Foul Ball, location: 2F 1-2: DOUBLE (Line Drive, 9LM, EV 103.8 MPH) Dunlang Clark to third
|
|
Batting: RHB Mike Warzecha
|
0-0: Ball 1-0: Ground out 1-3 (Groundball, 34S, EV 63.1 MPH)
|
|
Batting: RHB Mark Jones
|
0-0: Ball 1-0: Foul Ball, location: 2F 1-1: Ball 2-1: Ground out 5-3 (Groundball, 56S, EV 90.6 MPH) Dunlang Clark scores
|
|
Pinch Hitting: RHB Duncan Collins
|
0-0: Called Strike 0-1: Foul Ball, location: 2F 0-2: Foul Ball, location: 2F 0-2: Strikes out swinging
|
| Top of the 9th over - 1 run, 2 hits, 0 errors, 1 left on base; Kannapolis 1 - Lansing 3 |
|